 Dungeon Crawl Stone Soup version 0.21-a0-210-gbfa5647 (webtiles) character file.

18 Herrn the Grave Robber (level 2, 0/25 HPs)
             Began as a Naga Wanderer on Aug 21, 2017.
             Succumbed to an adder's poison
             ... on level 1 of the Dungeon.
             The game lasted 00:01:44 (197 turns).

Herrn the Grave Robber (Naga Wanderer)               Turns: 197, Time: 00:01:45

Health: 0/25       AC:  2    Str: 14    XL:     2   Next: 66%
Magic:  3/3        EV: 10    Int: 13    God:
Gold:   11         SH:  0    Dex:  9    Spells: 3/3 levels left

rFire    . . .     SeeInvis +   a - +2 dagger
rCold    . . .     Gourm    .   (no shield)
rNeg     . . .     Faith    .   e - +0 robe
rPois    +         Spirit   .   g - +0 helmet
rElec    .         Reflect  .   (no cloak)
rCorr    .         Harm     .   (no gloves)
MR       .....                  (no barding)
Stlth    ++........             (no amulet)
HPRegen  0.08/turn              (no ring)
MPRegen  0.08/turn              (no ring)

@: lethally poisoned (0 -> -6), hasted, quick
A: see invisible, deformed body, poison resistance, slowness 2, slow metabolism
1, spit poison 1, AC +0
a: Spit Poison


You were on level 1 of the Dungeon.
You were not hungry.

You visited 1 branch of the dungeon, and saw 1 of its levels.

You collected 11 gold pieces.

Inventory:

Hand Weapons
 a - a +2 dagger (weapon)
 h - a cursed -2 dagger
Armour
 e - a +0 robe (worn)
 g - a +0 helmet (worn)
Books
 c - the Collected Works on Stones

   Spells                             Type                      Level
   a - Sandblast                      Earth                        1
   b - Stone Arrow                    Conjuration/Earth            3
 d - the Collected Works on Sinister Magic

   Spells                             Type                      Level
   a - Animate Skeleton               Necromancy                   1
   b - Vampiric Draining              Necromancy                   3
Comestibles
 f - a bread ration
 i - 2 royal jellies


   Skills:
 + Level 1.6 Fighting
   Level 1.0 Staves
 + Level 1.4 Dodging
 - Level 3.0 Stealth
 * Level 1.0 Spellcasting
   Level 1.0 Conjurations
   Level 4.0 Necromancy


You had 3 spell levels left.
You didn't know any spells.

Dungeon Overview and Level Annotations

Branches:
Dungeon (1/15)

Altars:


Innate Abilities, Weirdness & Mutations

You cannot wear boots.
Your serpentine skin is tough. (AC +0)
You have supernaturally acute eyesight. (SInv)
Armour fits poorly on your strangely shaped body.
Your system is resistant to poisons. (rPois)
You cover ground very slowly.
You have a slow metabolism.
You can spit poison.


Message History

The adder is heavily wounded.
The adder completely misses you. The adder misses you.
You feel yourself speed up.
* * * LOW HITPOINT WARNING * * *
You feel sick. The adder barely misses you.
You hit the adder.
The adder is severely wounded.
* * * LOW HITPOINT WARNING * * *
You feel sick. The adder bites you.
* * * LOW HITPOINT WARNING * * *
You hit the adder.
You kill the adder!
Your Spellcasting skill increases to level 1!
You aren't carrying any potions.
Unknown command.
Unknown command.
Unknown command.
* * * LOW HITPOINT WARNING * * *
You feel sick.
You die...

#.......h......#..
#........... .....
#.....)...#.. #..
=.........#.##.. #.....#
.#h.... #..# ......# #..#
...>... #####..# #..h..##.#
###.@†...###.....##).
#...###..##.......... ##.###
##.........#### ##..#
#..##......... ##.>##
####..##......##.
#####..#####................
#.......#....##..##.......##
#...............†......####
#...............)##....#####


There were no monsters in sight!

Vanquished Creatures
  An adder (D:1)
  A dart slug (D:1)
  A bat (D:1)
  A goblin (D:1)
  A hobgoblin (D:1)
  A kobold (D:1)
  2 rats (D:1)
8 creatures vanquished.

Notes
Turn   | Place    | Note
-------+----------+-------------------------------------------
     0 | D:1      | Herrn the Naga Wanderer began the quest for the Orb.
     0 | D:1      | Herrn set off with: a +2 dagger, a potion of haste, the Collected Works on Stones, the Collected Works on Sinister Magic, a +0 robe, a bread ration
     0 | D:1      | Reached XP level 1. HP: 18/18 MP: 1/1
   123 | D:1      | Reached XP level 2. HP: 19/25 MP: 2/2
   193 | D:1      | Reached skill level 1 in Spellcasting
   194 | D:1      | HP: 1/25 [poisoned by an adder]
   197 | D:1      | Succumbed to an adder's poison

Vault maps used:
D:1:      minmay_arrival_doors

Skill      XL: |  1  2 |
---------------+-------+-----
Spellcasting   | 1 |  1.0
Fighting       | |  1.6
Staves         | |  1.0
Dodging        | |  1.4
Stealth        | |  3.0
Conjurations   | |  1.0
Necromancy     | |  4.0

Action                   || total
-------------------------++-------
Melee: Dagger            ||    16
 Abil: Spit Poison       ||     3
  Use: Potion            ||     1
Armor: Robe              ||     2
Dodge: Dodged            ||    14

Table legend:
 A = Spawn XP
 B = Non-spawn XP
 C = Spawn XP percentage of total XP
 D = Spawn monster count
 E = Non-spawn monster count
 F = Spawn count percentage of total count
 G = Total turns spent on level
                    A         B        C        D         E        F      G
               +---------+---------+-------+---------+---------+-------+---------
         Total |      14 |      12 |  53.8 |       2 |       6 |  25.0 |   197
               +---------+---------+-------+---------+---------+-------+---------
           D:1 |      14 |      12 |  53.8 |       2 |       6 |  25.0 |   197
               +---------+---------+-------+---------+---------+-------+---------
